 Dungeon Crawl Stone Soup version 0.28-a0-664-gc179e30c89 (webtiles) character file.

Game seed: 17087921566210469773

13433 lunkers the Thaumaturge (level 12, -6/94 HPs)
             Began as a Djinni Cinder Acolyte on Oct 14, 2021.
             Was a High Priest of Ignis.
             Mangled by Snorg (10 damage)
             ... on level 11 of the Dungeon on Oct 15, 2021.
             The game lasted 00:42:02 (19244 turns).

lunkers the Thaumaturge (Djinni Cinder Acolyte)    Turns: 19244, Time: 00:42:02

Health: -6/94      AC: 14    Str: 13    XL:     12   Next: 32%
Gold:   280        EV:  8    Int: 30    God:    Ignis [*****.] SH: 14 Dex:  9

rFire   + + +      SeeInvis .   B - +3 scimitar
rCold   . . .      Faith    .   z - +0 kite shield
rNeg    . . .      Spirit   .   q - +1 ring mail {rC+}
rPois   ∞          Reflect  +   r - +2 helmet {Int+3}
rElec   .          Harm     .   n - +2 cloak {rPois}
rCorr   +          Rampage  .   o - +1 pair of gloves
Will    ++...                   (boots unavailable)
Stlth   +.........              x - amulet of reflection
HPRegen 0.25/turn               j - ring of wizardry
MPRegen 0.00/turn               p - ring of the Shrike {Will+ rCorr Int+6 Stlth+}

@: flying
A: sickness immunity, fire resistance 2, cold vulnerability 1, float, innate
caster, hp casting, extra vitality 1
a: Renounce Religion, Sea of Fire, Foxfire Swarm, Rising Flame


You were on level 11 of the Dungeon.
You worshipped Ignis.
Ignis was extremely pleased with you.
You visited 2 branches of the dungeon, and saw 12 of its levels.

You collected 840 gold pieces.
You spent 560 gold pieces at shops.

Inventory:

Hand Weapons
 t - a +2 dagger of protection
 B - a +3 scimitar (weapon)
 C - a -1 falchion of flaming
 E - a +4 long sword
Missiles
 b - a curare-tipped dart
 g - 4 poisoned darts
 i - a throwing net
Armour
 m - a +0 buckler
 n - a +2 cloak of poison resistance (worn)
 o - a +1 pair of gloves (worn)
 q - a +1 ring mail of cold resistance (worn)
 r - a +2 helmet of intelligence (worn)
 z - a +0 kite shield (worn)
Magical Staves
 a - a staff of cold
Jewellery
 h - a +6 ring of strength
 j - a ring of wizardry (left hand)
 p - the ring of the Shrike (right hand) {Will+ rCorr Int+6 Stlth+}
   (You acquired it on level 11 of the Dungeon)

   [ring of intelligence]

   Int:       It affects your intelligence (+6).
   rCorr:     It protects you from acid and corrosion.
   Will:      It increases your willpower.
   Stlth:     It makes you more stealthy.
 x - an amulet of reflection (around neck)
Wands
 f - a wand of paralysis (10)
 u - a wand of mindburst (2)
 w - a wand of polymorph (5)
 A - a wand of flame (16)
Scrolls
 y - 2 scrolls of identify
 F - a scroll of enchant armour
 G - a scroll of silence
Potions
 c - 3 potions of curing
 k - a potion of berserk rage {unknown}
 l - 2 potions of brilliance
 v - a potion of invisibility
 D - a potion of resistance {unknown}
 I - 2 potions of flight {unknown}


   Skills:
 + Level 11.3 Fighting
 - Level 2.6 Long Blades
 + Level 6.3 Shields
 + Level 11.4 Spellcasting


You had 16 spell levels left.
You knew the following spells:

 Your Spells              Type           Power      Damage    Failure   Level
b - Wereblood             Tmut           72%        N/A       1%          2
c - Mephitic Cloud        Conj/Pois/Air  72%        N/A       1%          3
d - Animate Armour        Summ/Erth      100%       N/A       1%          4
e - Apportation           Tloc           100%       N/A       1%          1
f - Alistair's Intoxicat  Tmut/Pois      48%        N/A       2%          5
p - Scorch                Fire           100%       2d10      1%          2
Your spell library was empty.

Dungeon Overview and Level Annotations

Branches:
Dungeon (11/15)            Temple (0/1) D:5            Lair (1/6) D:10
    Orc (0/2) D:9

Altars:
Ashenzari
Cheibriados
Elyvilon
Hepliaklqana
Kikubaaqudgha
Okawaru
Qazlal
Ru
Sif Muna
Trog
Uskayaw
Vehumet
The Shining One

Shops:
D:9 [   D:10 :=?

Annotations:
D:11 Snorg


Innate Abilities, Weirdness & Mutations

You are immune to sickness and miasma.
You are immune to poison.
Your flesh is very heat resistant. (rF++)
You are vulnerable to cold. (rC-)
You float through the air rather than walking.
You learn spells naturally, not from books.
Your magical power is your life essence.
You have superior vitality. (+4 HP)


Message History

Flames lash Snorg.
Snorg is burned terribly!
Snorg is severely wounded.
* * * LOW HITPOINT WARNING * * *
Snorg bites you but does no damage. Snorg claws you.
* * * LOW HITPOINT WARNING * * *
Snorg claws you but does no damage.
Unknown command.
Casting: Scorch (safe; 1% risk of failure)
Confirm with . or Enter, or press ? or * to list all spells.
Flames lash Snorg.
Snorg is burned terribly!
Snorg is severely wounded.
* * * LOW HITPOINT WARNING * * *
Snorg is no longer more vulnerable to fire.
You block Snorg's attack. Snorg barely misses you. You block Snorg's attack.
Snorg bites you!
* * * LOW HITPOINT WARNING * * *
Snorg claws you.
* * * LOW HITPOINT WARNING * * *
Snorg barely misses you.
Casting: Scorch (safe; 1% risk of failure)
Confirm with . or Enter, or press ? or * to list all spells.
Flames lash Snorg.
Snorg is severely wounded.
Snorg's fire resistance burns away.
* * * LOW HITPOINT WARNING * * *
You block Snorg's attack. Snorg claws you!
* * * LOW HITPOINT WARNING * * *
You block Snorg's attack.
Unknown command.
Okay, then.
Casting: Scorch (safe; 1% risk of failure)
Confirm with . or Enter, or press ? or * to list all spells.
Flames lash Snorg.
Snorg is burned terribly!
Snorg is almost dead.
* * * LOW HITPOINT WARNING * * *
You block Snorg's attack. Snorg barely misses you. Snorg completely misses you.
You block Snorg's attack. Snorg claws you.
* * * LOW HITPOINT WARNING * * *
Snorg claws you!
You die...

.......##......##..######
.....### ##.............#
#..### ##..........#.#
#### ###..>####..# #...#
.# #...# .# #..<####..#
#..([.<...# #.@#####..#
#.T# .# ###..# # .#
###....####. ...##
###.....[......
.....##..(....#####..
#..........##.#
.#......####... #####.##
#####


You could see Snorg (berserk, combustible).

Vanquished Creatures
  Harold (D:6)
  A hydra (Lair:1)
  3 two-headed ogres
  2 death yaks (D:9)
  Nergalle (D:11)
  Pikel (D:6)
  An elephant (D:10)
  2 cane toads (Lair:1)
  A komodo dragon (D:10)
  A hornet (D:7)
  Grinder (D:3)
  Sigmund (D:2)
  A wyvern (D:8)
  9 yaks
  A basilisk (Lair:1)
  A steam dragon (D:9)
  Edmund (D:6)
  3 water moccasins (Lair:1)
  An acid dragon (D:9)
  4 orc warriors
  2 sky beasts (D:7)
  4 black bears
  A necrophage (D:6)
  2 ogres (D:6)
  7 centaurs
  A lemure (D:5)
  2 kobold brigands
  3 gnoll sergeants
  2 scorpions (D:6)
  2 bullfrogs
  A water moccasin skeleton (D:4)
  4 killer bees (D:10)
  10 wights
  2 electric eels (D:9)
  A howler monkey (D:6)
  3 centaur zombies
  6 orc priests
  A bullfrog skeleton (D:4)
  3 hounds
  2 jellies
  2 iguanas
  9 orc wizards
  A killer bee zombie (D:7)
  19 gnolls
  A river rat (D:5)
  12 adders
  A shadow imp (D:6)
  A white imp (D:7)
  4 dart slugs
  30 orcs
  A bat (D:1)
  5 endoplasms
  2 giant cockroaches (D:5)
  3 goblins
  5 hobgoblins
  2 jackals (D:1)
  4 quokkas
  11 ball pythons
  3 frilled lizards
  20 kobolds
  4 rats
236 creatures vanquished.

Vanquished Creatures (others)
  Erica (D:11)
  A fungus (Lair:1)
  16 plants
18 creatures vanquished.

Grand Total: 254 creatures vanquished

Notes
Turn   | Place    | Note
-------+----------+-------------------------------------------
     0 | D:1      | lunkers the Djinni Cinder Acolyte began the quest for the
                  | Orb.
     0 | D:1      | Reached XP level 1. HP: 20/20 MP: 0/0
   401 | D:1      | Reached XP level 2. HP: 22/25 MP: 0/0
  1501 | D:2      | Noticed Sigmund
  1507 | D:2      | Killed Sigmund
  1508 | D:2      | Reached XP level 3. HP: 15/31 MP: 0/0
  1508 | D:2      | Learned a level 1 spell: Apportation
  1508 | D:2      | Reached XP level 4. HP: 18/37 MP: 0/0
  1508 | D:2      | Reached XP level 5. HP: 20/41 MP: 0/0
  1508 | D:2      | Learned a level 2 spell: Wereblood
  2602 | D:3      | Reached XP level 6. HP: 43/47 MP: 0/0
  3308 | D:3      | Found a faded altar of an unknown god.
  3321 | D:3      | Found a bloodstained altar of Trog.
  3542 | D:3      | Found a broken altar of Ashenzari.
  3544 | D:3      | Found a stormy altar of Qazlal.
  3544 | D:3      | Found a glowing golden altar of the Shining One.
  3544 | D:3      | Noticed Grinder
  3545 | D:3      | Found a snail-covered altar of Cheibriados.
  3551 | D:3      | Paralysed by Grinder for 5 turns
  3559 | D:3      | Killed Grinder
  3560 | D:3      | Reached skill level 5 in Fighting
  3560 | D:3      | Reached skill level 5 in Spellcasting
  3560 | D:3      | Reached XP level 7. HP: 14/54 MP: 0/0
  3560 | D:3      | Learned a level 3 spell: Mephitic Cloud
  3990 | D:4      | You are sucked into a shaft and drop 1 floor!
  3990 | D:5      | Entered Level 5 of the Dungeon
  4202 | D:5      | Found a staircase to the Ecumenical Temple.
  5035 | D:5      | Reached XP level 8. HP: 52/60 MP: 0/0
  5718 | D:4      | Found an iron altar of Okawaru.
  6163 | D:4      | Found a hide-covered altar of Uskayaw.
  7515 | D:6      | Noticed Pikel
  7525 | D:6      | Killed Pikel
  7526 | D:6      | Reached XP level 9. HP: 47/68 MP: 0/0
  7526 | D:6      | Learned a level 4 spell: Animate Armour
  7975 | D:6      | Noticed Edmund
  7989 | D:6      | Killed Edmund
  9114 | D:7      | Noticed Harold
  9403 | D:6      | Killed Harold
  9404 | D:6      | Reached XP level 10. HP: 65/77 MP: 0/0
 10773 | D:8      | Noticed a two-headed ogre
 10796 | D:8      | Killed a two-headed ogre
 11100 | D:8      | Reached skill level 10 in Spellcasting
 11242 | D:8      | Found a white marble altar of Elyvilon.
 11605 | D:9      | Found Weufeiho's Armour Emporium.
 11805 | D:9      | Bought a +2 helmet of intelligence for 301 gold pieces
 11816 | D:9      | Bought a +2 cloak of poison resistance for 259 gold pieces
 11929 | D:9      | Found a sacrificial altar of Ru.
 11953 | D:9      | Noticed a two-headed ogre
 12009 | D:8      | Killed a two-headed ogre
 12010 | D:8      | Reached skill level 1 in Shields
 12010 | D:8      | Reached XP level 11. HP: 20/84 MP: 0/0
 12010 | D:8      | Learned a level 5 spell: Alistair's Intoxication
 12283 | D:9      | Found a hazy altar of Hepliaklqana.
 13005 | D:9      | Found a staircase to the Orcish Mines.
 13350 | D:9      | Reached skill level 10 in Fighting
 13556 | D:10     | Entered Level 10 of the Dungeon
 13886 | D:10     | Noticed an elephant
 13910 | D:10     | Killed an elephant
 14226 | D:10     | Found a staircase to the Lair.
 14236 | D:10     | Found Daybb's Jewellery Boutique.
 14247 | D:10     | Found Cymnisha's Magic Scroll Shoppe.
 14429 | D:10     | Noticed a two-headed ogre
 14437 | D:10     | Killed a two-headed ogre
 14689 | D:10     | Found Zoham's Book Emporium.
 15087 | Lair:1   | Entered Level 1 of the Lair of Beasts
 15211 | Lair:1   | Noticed a death yak
 15211 | Lair:1   | Noticed a death yak
 15212 | Lair:1   | Noticed a death yak
 16337 | D:9      | Killed a death yak
 16338 | D:9      | Reached skill level 5 in Shields
 16626 | D:9      | Killed a death yak
 16627 | D:9      | Reached XP level 12. HP: 41/93 MP: 0/0
 17214 | D:11     | Noticed a seven-headed hydra
 18118 | Lair:1   | Noticed a five-headed hydra
 18176 | Lair:1   | Killed a five-headed hydra
 18344 | Lair:1   | Noticed a seven-headed hydra
 18676 | D:11     | Noticed Nergalle
 18690 | D:11     | Identified a scroll of acquirement
 18690 | D:11     | Acquired the ring of the Shrike {Will+ rCorr Int+6 Stlth+}
 18712 | D:11     | Upgraded the game from 0.28-a0-662-g1651b1f1e0 to
                  | 0.28-a0-664-gc179e30c89
 18735 | D:11     | Killed Nergalle
 19045 | D:11     | Noticed Erica
 19073 | D:11     | Noticed Snorg
 19076 | D:11     | Killed Erica
 19244 | D:11     | HP: 4/94 [Snorg (5)]
 19244 | D:11     | Mangled by Snorg

Illustrated notes

Levels and vault maps discovered:
D:1:      roderic_crop_circles_arrival_small, layout_basic
D:2:      wander_river, layout_basic, minivault_11, uniq_sigmund
D:3:      layout_loops_ring, grunt_temple_overflow_open,
          hellmonk_ecumenical_altar_zigzags, minmay_snake_closets, uniq_grinder
D:4:      layout_loops_ring, okawaru_metal_pillars_1_2,
          mainiacjoe_overflow_tiny_flanked, serial_bayou_pond_d, minivault_27,
          kennysheep_path_1, lightli_minifort
D:5:      layout_basic, minmay_temple_entry_overgrown, gup_sewer_entry_spiral
D:6:      layout_gridville, uniq_pikel, uniq_edmund
D:7:      layout_loops_ring, nicolae_overflow_crystal_walls,
          eino_small_chamber_without_monster, hangedman_decor_points,
          bh_walls_and_bars, uniq_harold
D:8:      layout_loops_ring, lemuel_coloured_pillars_altar, grunt_decor_junction
D:9:      layout_long_grid, mainiacjoe_overflow_chevrons,
          nicolae_hepliaklqana_hazy_memory, orc_0_dummy, serial_shops, shop,
          serial_bayou_ford_a
D:10:     layout_loops_corners, david_lair_generic, serial_shops, shop, shop,
          nicolae_diamond_shop
D:11:     layout_loops_ring, nicolae_two_hexagons, minmay_statue_crystal_thing,
          uniq_nergalle, uniq_snorg, uniq_erica
Lair:1:   layout_roguey, serial_bayou_pond_b, lemuel_old_faithful,
          grunt_megastairs_3, serial_bayou_shore_b

Skill      XL: |  1  2  3  4  5  6  7  8  9 10 11 12 |
---------------+-------------------------------------+-----
Fighting       | 4 5 7 8 9 10 11 | 11.3
Spellcasting   | 4 5 7 8 10 11 | 11.4
Shields        | 1 5 6 |  6.3
Long Blades    | |  2.6

Action                   |  1- 3 |  4- 6 |  7- 9 | 10-12 || total
-------------------------+-------+-------+-------+-------++-------
Melee: Falchion          |    53 |       |       |       ||    53
       Dagger            |       |       |     8 |     5 ||    13
       Staff             |       |       |       |     1 ||     1
       Scimitar          |       |       |       |    36 ||    36
 Cast: Scorch            |     6 |    48 |   190 |   328 ||   572
       Mephitic Cloud    |       |       |     1 |     4 ||     5
       Alistair's Intoxi |       |       |       |     2 ||     2
       Animate Armour    |       |       |       |     1 ||     1
Evoke: Wand              |       |       |       |     8 ||     8
  Use: Scroll            |       |       |     6 |    11 ||    17
       Potion            |       |       |       |     3 ||     3
 Stab: Confused          |       |       |       |     2 ||     2
Armor: Robe              |    10 |     3 |    12 |     3 ||    28
       Ring mail         |       |       |       |   119 ||   119
       Skin              |       |       |       |    21 ||    21
Dodge: Dodged            |    27 |     7 |    46 |    89 ||   169
Block: Buckler           |       |     2 |    14 |     3 ||    19
       Kite shield       |       |       |       |   184 ||   184
       Reflection        |       |       |       |     8 ||     8

Table legend: (Time is in decaauts)
 A = Elapsed time spent in this place.
 B = Non-inter-level travel time spent in this place.
 C = Inter-level travel time spent in this place.
 D = Time resting spent in this place.
 E = Time spent auto-exploring this place.
 F = Levels seen in this place.
 G = Mean time per level.
                   A        B        C        D        E       F      G
               +--------+--------+--------+--------+--------+-----+--------+
         Total |  19287 |  18727 |    560 |   3605 |  12044 |  12 | 1607.2 |
       Dungeon |  18309 |  17751 |    558 |   3605 |  11342 |  11 | 1664.5 |
          Lair |    977 |    975 |      2 |      0 |    702 |   1 |  977.0 |
               +--------+--------+--------+--------+--------+-----+--------+

Top non-repeatable levels by time:
     D:9: 3022 daAuts
    D:10: 2528 daAuts
     D:6: 2200 daAuts
     D:5: 2068 daAuts
     D:3: 1707 daAuts
     D:8: 1514 daAuts
     D:1: 1294 daAuts
     D:4: 1109 daAuts
     D:2: 1100 daAuts
     D:7: 1083 daAuts
  Lair:1: 977 daAuts
    D:11: 678 daAuts
